 Dungeon Sprint DCSS version 0.21.0-24-g2553a33 (console) character file.

4600000 hilaritas the Champion of Chaos (level 27, -38/249 HPs)
             Began as a Gnoll Gladiator on Jan 20, 2018.
             Was the Champion of Makhleb.
             Annihilated by a destroyer
             ... wielding a +9 great sword of slicing
              (62 damage)
             ... in the Dungeon (Sprint VIII: "Arena of Blood").
             The game lasted 00:03:14 (46 turns).

hilaritas the Champion of Chaos (Gnoll Gladiator)     Turns: 46, Time: 00:03:15

Health: -38/249    AC:  8    Str: 27    XL:     27
Magic:  12/54      EV: 34    Int: 11    God:    Makhleb [******]
Gold:   0          SH:  0    Dex: 19    Spells: 80/80 levels left

rFire    . . .     SeeInvis .   l - +∞ Axe of Woe
rCold    . . .     Gourm    .   (shield currently unavailable)
rNeg     . . .     Faith    .   b - +0 leather armour
rPois    .         Spirit   .   c - +0 helmet
rElec    .         Reflect  .   (no cloak)
rCorr    .         Harm     .   (no gloves)
MR       ++...     NoTele   +   (no boots)
Stlth    +++++++++.             (no amulet)
HPRegen  0.51/turn              (no ring)
MPRegen  0.34/turn              (no ring)

@: no status effects
A: distributed training, fangs 1, strong nose
a: Minor Destruction, Lesser Servant of Makhleb, Major Destruction, Greater
Servant of Makhleb, Renounce Religion


You were in the Dungeon.
You worshipped Makhleb.
Makhleb was exalted by your worship.
You were not hungry.

You visited 1 branch

Inventory:

Hand Weapons
 a - a +0 war axe
 l - the +∞ Axe of Woe (weapon)
   (You found it in the Dungeon)
Missiles
 d - 3 throwing nets (quivered)
Armour
 b - a +0 leather armour (worn)
 c - a +0 helmet (worn)
Scrolls
 k - a scroll of blinking
Potions
 e - a potion of curing
 g - a potion of heal wounds
 h - a potion of haste
 i - 2 potions of magic
 j - a potion of berserk rage
Comestibles
 f - a ration


   Skills:
 O Level 27 Fighting
 O Level 27 Short Blades
 O Level 27 Long Blades
 O Level 27 Axes
 O Level 27 Maces & Flails
 O Level 27 Polearms
 O Level 27 Staves
 O Level 27 Slings
 O Level 27 Bows
 O Level 27 Crossbows
 O Level 27 Throwing
 O Level 27 Armour
 O Level 27 Dodging
 O Level 27 Stealth
 O Level 27 Shields
 O Level 27 Unarmed Combat
 O Level 27 Spellcasting
 O Level 27 Conjurations
 O Level 27 Hexes
 O Level 27 Charms
 O Level 27 Summonings
 O Level 27 Necromancy
 O Level 27 Translocations
 O Level 27 Transmutations
 O Level 27 Fire Magic
 O Level 27 Ice Magic
 O Level 27 Air Magic
 O Level 27 Earth Magic
 O Level 27 Poison Magic
 O Level 27 Invocations
 O Level 27 Evocations


You had 80 spell levels left.
You didn't know any spells.

Dungeon Overview and Level Annotations

Branches:
Dungeon (1/1)

Altars:
Makhleb

Annotations:
D The Servant


Innate Abilities, Weirdness & Mutations

Your experience applies equally to all skills.
You have very sharp teeth.
Your uncanny sense of smell can sniff out nearby items.


Message History

You slice the sculptor of flesh!!
You fatally mangle the sculptor of flesh.
You destroy the sculptor of flesh!
Makhleb accepts your kill.
You feel better.
You are engulfed in blazing flames.
You hear a shout! x2
The large abomination is engulfed in blazing flames.
The small abomination is engulfed in blazing flames.
You hear a shout!
The destroyer blinks!
The large abomination is engulfed in blazing flames.
You hear a shout!
A sculptor of flesh comes into view. It is wielding a +9 great sword.
You hear a shout! x2
The Servant is engulfed in blazing flames.
The meat berserker is engulfed in blazing flames.
The destroyer hits you with a +9 great sword of slicing!!!!!
Ouch! That really hurt!
* * * LOW HITPOINT WARNING * * *
You die...

. # ......# #
..........##.....#
###.......z. ......#
......§....###.....#
...............o...#
.......#.#.§%..§%..#
...........x.....%=#
.)))))#)#x#..)oO@..#
))x.)))))§Xoo@O§.V.#
)..))))#)#§#x§#§...#
###.....X§§XO#...V.#
#.......V..o..#....#
#.........zx.#.....#
...................#
....#z..#......##..#
...#....#.....## ..#


You could see The Servant, 2 destroyers, a sculptor of flesh, 2 large bags of
meat, 2 large abominations, a meat berserker (berserk), 2 small abominations and
5 bags of meat.

Vanquished Creatures
  2 vampire knights (D)
  14 ogres (D)
  2 two-headed ogres (D)
  49 orcs (D)
  3 skeletal warriors (D)
  3 small abominations (D)
  4 crawling corpses (D)
77 creatures vanquished.

Notes
Turn   | Place    | Note
-------+----------+-------------------------------------------
     0 | D        | Found the +∞ Axe of Woe
     0 | D        | hilaritas the Gnoll Gladiator began the quest for the Orb.
     0 | D        | Reached XP level 1. HP: 20/20 MP: 1/1
     3 | D        | Noticed a bag of meat
     3 | D        | Noticed a bag of meat
     4 | D        | Noticed a bag of meat
     4 | D        | Noticed a bag of meat
     4 | D        | Became a worshipper of Makhleb the Destroyer
     5 | D        | Noticed a bag of meat
     6 | D        | Noticed a bag of meat
     6 | D        | Noticed a bag of meat
     6 | D        | Noticed a meat berserker
     7 | D        | Killed a bag of meat
     7 | D        | Reached skill level 10 in Short Blades
     7 | D        | Reached skill level 10 in Long Blades
     7 | D        | Reached skill level 10 in Maces & Flails
     7 | D        | Reached skill level 10 in Polearms
     7 | D        | Reached skill level 10 in Staves
     7 | D        | Reached skill level 10 in Slings
     7 | D        | Reached skill level 10 in Bows
     7 | D        | Reached skill level 10 in Crossbows
     7 | D        | Reached skill level 10 in Armour
     7 | D        | Reached skill level 10 in Stealth
     7 | D        | Reached skill level 10 in Shields
     7 | D        | Reached skill level 10 in Unarmed Combat
     7 | D        | Reached skill level 10 in Spellcasting
     7 | D        | Reached skill level 10 in Evocations
     7 | D        | Reached XP level 2. HP: 38/38 MP: 1/13
     7 | D        | Reached XP level 3. HP: 44/44 MP: 1/15
     7 | D        | Reached XP level 4. HP: 51/51 MP: 1/16
     7 | D        | Reached XP level 5. HP: 57/57 MP: 1/18
     7 | D        | Reached XP level 6. HP: 63/63 MP: 1/19
     7 | D        | Reached XP level 7. HP: 69/69 MP: 1/21
     7 | D        | Reached XP level 8. HP: 76/76 MP: 1/22
     7 | D        | Reached XP level 9. HP: 82/82 MP: 1/23
     7 | D        | Reached XP level 10. HP: 89/89 MP: 1/24
     7 | D        | Reached XP level 11. HP: 95/95 MP: 1/25
     7 | D        | Reached XP level 12. HP: 101/101 MP: 1/26
     8 | D        | Noticed a bag of meat
     9 | D        | Noticed a bag of meat
     9 | D        | Killed a bag of meat
     9 | D        | Reached * piety under Makhleb
     9 | D        | Reached skill level 10 in Conjurations
     9 | D        | Reached skill level 10 in Hexes
     9 | D        | Reached skill level 10 in Charms
     9 | D        | Reached skill level 10 in Summonings
     9 | D        | Reached skill level 10 in Necromancy
     9 | D        | Reached skill level 10 in Translocations
     9 | D        | Reached skill level 10 in Transmutations
     9 | D        | Reached skill level 10 in Fire Magic
     9 | D        | Reached skill level 10 in Ice Magic
     9 | D        | Reached skill level 10 in Air Magic
     9 | D        | Reached skill level 10 in Earth Magic
     9 | D        | Reached skill level 10 in Poison Magic
     9 | D        | Reached XP level 13. HP: 111/111 MP: 1/29
     9 | D        | Killed a bag of meat
     9 | D        | Reached XP level 14. HP: 120/120 MP: 1/31
     9 | D        | Killed a bag of meat
     9 | D        | Reached skill level 15 in Fighting
     9 | D        | Reached skill level 15 in Axes
     9 | D        | Reached skill level 15 in Throwing
     9 | D        | Reached skill level 15 in Dodging
     9 | D        | Reached skill level 15 in Invocations
    10 | D        | Noticed a bag of meat
    10 | D        | Noticed a meat berserker
    10 | D        | Noticed a bag of meat
    10 | D        | Noticed a bag of meat
    10 | D        | Noticed a meat berserker
    10 | D        | Noticed a bag of meat
    11 | D        | Noticed a bag of meat
    11 | D        | Noticed a bag of meat
    11 | D        | Killed a meat berserker
    11 | D        | Reached ** piety under Makhleb
    11 | D        | Reached XP level 15. HP: 70/132 MP: 2/35
    11 | D        | Reached XP level 16. HP: 75/141 MP: 2/36
    12 | D        | Noticed a meat berserker
    12 | D        | Noticed a meat berserker
    13 | D        | Noticed a meat berserker
    13 | D        | Noticed a meat berserker
    13 | D        | Killed a meat berserker
    13 | D        | Reached *** piety under Makhleb
    13 | D        | Reached skill level 15 in Conjurations
    13 | D        | Reached skill level 15 in Hexes
    13 | D        | Reached skill level 15 in Charms
    13 | D        | Reached skill level 15 in Summonings
    13 | D        | Reached skill level 15 in Necromancy
    13 | D        | Reached skill level 15 in Translocations
    13 | D        | Reached skill level 15 in Transmutations
    13 | D        | Reached skill level 15 in Fire Magic
    13 | D        | Reached skill level 15 in Ice Magic
    13 | D        | Reached skill level 15 in Air Magic
    13 | D        | Reached skill level 15 in Earth Magic
    13 | D        | Reached skill level 15 in Poison Magic
    13 | D        | Reached XP level 17. HP: 151/151 MP: 2/39
    14 | D        | Noticed a meat berserker
    14 | D        | Noticed a meat berserker
    15 | D        | Noticed a meat berserker
    15 | D        | Killed a meat berserker
    15 | D        | Reached XP level 18. HP: 136/164 MP: 3/42
    15 | D        | Killed a meat berserker
    15 | D        | Reached **** piety under Makhleb
    15 | D        | Reached XP level 19. HP: 174/174 MP: 3/44
    15 | D        | Killed a meat berserker
    16 | D        | Killed a meat berserker
    16 | D        | Reached ***** piety under Makhleb
    16 | D        | Killed a meat berserker
    16 | D        | Reached XP level 20. HP: 189/189 MP: 3/48
    18 | D        | Reached XP level 21. HP: 146/199 MP: 4/50
    18 | D        | Killed a meat berserker
    18 | D        | Reached skill level 27 in Invocations
    18 | D        | Killed a meat berserker
    18 | D        | Reached skill level 27 in Fighting
    18 | D        | Reached skill level 27 in Axes
    18 | D        | Reached skill level 27 in Throwing
    18 | D        | Reached skill level 27 in Dodging
    19 | D        | Noticed a meat berserker
    19 | D        | Noticed a meat berserker
    19 | D        | Reached ****** piety under Makhleb
    19 | D        | Reached skill level 27 in Short Blades
    19 | D        | Reached skill level 27 in Long Blades
    19 | D        | Reached skill level 27 in Maces & Flails
    19 | D        | Reached skill level 27 in Polearms
    19 | D        | Reached skill level 27 in Staves
    19 | D        | Reached skill level 27 in Slings
    19 | D        | Reached skill level 27 in Bows
    19 | D        | Reached skill level 27 in Crossbows
    19 | D        | Reached skill level 27 in Armour
    19 | D        | Reached skill level 27 in Stealth
    19 | D        | Reached skill level 27 in Shields
    19 | D        | Reached skill level 27 in Unarmed Combat
    19 | D        | Reached skill level 27 in Spellcasting
    19 | D        | Reached skill level 27 in Evocations
    19 | D        | Reached XP level 22. HP: 212/212 MP: 4/53
    21 | D        | Reached skill level 27 in Conjurations
    21 | D        | Reached skill level 27 in Hexes
    21 | D        | Reached skill level 27 in Charms
    21 | D        | Reached skill level 27 in Summonings
    21 | D        | Reached skill level 27 in Necromancy
    21 | D        | Reached skill level 27 in Translocations
    21 | D        | Reached skill level 27 in Transmutations
    21 | D        | Reached skill level 27 in Fire Magic
    21 | D        | Reached skill level 27 in Ice Magic
    21 | D        | Reached skill level 27 in Air Magic
    21 | D        | Reached skill level 27 in Earth Magic
    21 | D        | Reached skill level 27 in Poison Magic
    21 | D        | Reached XP level 23. HP: 219/219 MP: 4/54
    22 | D        | Noticed a destroyer
    22 | D        | Noticed a destroyer
    23 | D        | Reached XP level 24. HP: 227/227 MP: 5/54
    25 | D        | Reached XP level 25. HP: 234/234 MP: 6/54
    26 | D        | Killed a destroyer
    28 | D        | Noticed a large bag of meat
    28 | D        | Reached XP level 26. HP: 242/242 MP: 6/54
    29 | D        | Noticed a large bag of meat
    29 | D        | Killed a destroyer
    30 | D        | Noticed The Servant
    30 | D        | Reached XP level 27. HP: 249/249 MP: 7/54
    31 | D        | Noticed a large bag of meat
    35 | D        | Noticed a large bag of meat
    36 | D        | Killed a large bag of meat
    39 | D        | Noticed a destroyer
    40 | D        | Noticed a destroyer
    44 | D        | Noticed a destroyer
    45 | D        | Killed a large bag of meat
    46 | D        | HP: 24/249 [destroyer/+9 great sword of slicing (191)]
    46 | D        | Annihilated by a destroyer

Skill      XL: |  1  2  3  4  5  6  7  8  9 10 11 12 13 14 15 16 17 18 19 20 21 22 |
---------------+-------------------------------------------------------------------+-----
Fighting       | 11 13 14 16 17 18 20 22 24 25 27 | 27.0
Short Blades   | 10 12 13 16 18 20 21 24 25 27 | 27.0
Long Blades    | 10 12 13 16 18 20 21 24 25 27 | 27.0
Axes           | 12 13 14 17 19 20 22 24 25 27 | 27.0
Maces & Flails | 10 12 13 16 18 20 21 24 25 27 | 27.0
Polearms       | 10 12 13 16 18 20 21 24 25 27 | 27.0
Staves         | 10 12 13 16 18 20 21 24 25 27 | 27.0
Slings         | 10 12 13 16 18 20 21 24 25 27 | 27.0
Bows           | 10 12 13 16 18 20 21 24 25 27 | 27.0
Crossbows      | 10 12 13 16 18 20 21 24 25 27 | 27.0
Throwing       | 11 13 14 16 17 18 20 22 24 25 27 | 27.0
Armour         | 10 12 13 16 18 20 21 24 25 27 | 27.0
Dodging        | 12 13 14 17 19 20 22 24 25 27 | 27.0
Stealth        | 10 12 13 16 18 20 21 24 25 27 | 27.0
Shields        | 10 12 13 16 18 20 21 24 25 27 | 27.0
Unarmed Combat | 10 12 13 16 18 20 21 24 25 27 | 27.0
Spellcasting   | 10 12 13 16 18 20 21 24 25 27 | 27.0
Conjurations   | 9 10 11 13 14 15 17 19 21 23 27 | 27.0
Hexes          | 9 10 11 13 14 15 17 19 21 23 27 | 27.0
Charms         | 9 10 11 13 14 15 17 19 21 23 27 | 27.0
Summonings     | 9 10 11 13 14 15 17 19 21 23 27 | 27.0
Necromancy     | 9 10 11 13 14 15 17 19 21 23 27 | 27.0
Translocations | 9 10 11 13 14 15 17 19 21 23 27 | 27.0
Transmutations | 9 10 11 13 14 15 17 19 21 23 27 | 27.0
Fire Magic     | 9 10 11 13 14 15 17 19 21 23 27 | 27.0
Ice Magic      | 9 10 11 13 14 15 17 19 21 23 27 | 27.0
Air Magic      | 9 10 11 13 14 15 17 19 21 23 27 | 27.0
Earth Magic    | 9 10 11 13 14 15 17 19 21 23 27 | 27.0
Poison Magic   | 9 10 11 13 14 15 17 19 21 23 27 | 27.0
Invocations    | 11 13 14 17 18 19 21 23 25 26 27 | 27.0
Evocations     | 10 12 13 16 18 20 21 24 25 27 | 27.0

Action                   |  1- 3 |  4- 6 |  7- 9 | 10-12 | 13-15 | 16-18 | 19-21 | 22-24 | 25-27 || total
-------------------------+-------+-------+-------+-------+-------+-------+-------+-------+-------++-------
Melee: Executioner's axe |     1 |       |       |     1 |     1 |     2 |     3 |     3 |    12 ||    23
Dodge: Dodged            |       |       |       |     2 |       |       |     1 |     2 |     1 ||     6
